Map: Vallée des cactus EC

Players

Ambi

  • Race: Zerg Zerg

AgCl - Winner!

  • Race: Protoss Protoss

VOD

Have the link to the VOD?

Description

Time

  • Played on: May 15, 2015, 3 a.m.
  • Length: 6:22
Show
View Real Time Build Order
Export as new Build Order

Ambi Zerg 

Build Orders: Hatch First 

Get SALT Encoding   

  12  0:02  Drone  
  13  0:08  Drone  
  14  0:35  Hatchery  
  13  0:43  Overlord  
  13  0:50  Drone  
  14  1:02  Drone x2  
  16  1:05  Drone  
  17  1:16  Drone  
  18  1:22  Spawning Pool  
  17  1:25  Extractor  
  17  1:26  Drone  
  17  1:37  Drone  
  18  1:48  Drone  
  18  1:51  Drone  
  20  2:10  Queen x2  
  20  2:12  Zergling x6  
  20  2:13  Zergling x2  
  28  2:21  Overlord  
  26  2:39  Drone  
  26  2:40  Drone x2  
  28  2:46  Lair  
  28  2:52  Drone x3  
  31  3:00  Drone  
  32  3:11  Drone x2  
  34  3:21  Spore Crawler  
  34  3:24  Queen  
  35  3:29  Hatchery  
  35  3:30  Drone  
  35  3:42  Overlord x2  
  35  4:00  Drone x2  
  35  4:01  Drone x7  
  44  4:07  Spore Crawler  
  43  4:17  Queen  
  40  4:25  Drone x3  
  37  4:35  Drone x4  
  41  4:44  Roach Warren  
  41  4:48  Evolution Chamber  
  40  4:53  Evolution Chamber, Queen  
  40  4:54  Drone x2  
  43  5:00  Extractor  
  43  5:02  Extractor  
  43  5:03  Extractor  
  43  5:06  Zergling x4  
  43  5:07  Zergling x8  
  42  5:10  Spore Crawler  
  42  5:12  Extractor  
  42  5:33  Zergling x6  
  42  5:34  Zergling x2  
  42  5:43  Zergling x2  
  43  5:53  Drone x2  
  43  5:54  Drone  
  50  6:12  Hatchery  
Show
View Real Time Build Order
Export as new Build Order

AgCl Protoss - Winner!

Build Orders: Oracle Opening, Oracle Opening 

Get SALT Encoding   

  12  0:15  Pylon  
  12  0:16  Probe  
  13  0:28  Probe  
  14  0:37  Gateway  
  14  0:41  Assimilator  
  14  0:44  Probe  
  15  0:57  Probe  
  15  0:59  Pylon  
  16  1:09  Probe (Chrono Boost)  
  18  1:19  Probe (Chrono Boost)  
  18  1:23  Zealot (Chrono Boost)  
  20  1:30  Probe  
  21  1:33  Cybernetics Core  
  21  1:42  Probe  
  22  1:54  Probe (Chrono Boost)  
  22  1:57  Assimilator  
  23  2:04  Probe (Chrono Boost)  
  24  2:09  Pylon  
  24  2:11  Probe (Chrono Boost)  
  25  2:18  Stargate  
  26  2:23  Probe (Chrono Boost)  
  26  2:31  Probe (Chrono Boost)  
  27  2:41  Mothership Core (Chrono Boost)  
  27  2:48  Gateway  
  27  2:49  Forge, Warp Gate  
  27  2:55  Probe  
  28  3:17  Nexus  
  28  3:18  Oracle (Chrono Boost)  
  31  3:27  Pylon  
  31  3:29  Probe  
  32  3:41  Probe  
  32  3:46  Pylon  
  33  3:54  Probe  
  34  4:06  Probe  
  34  4:13  Pylon x2  
  34  4:18  Probe  
  32  4:26  Gateway  
  33  4:32  Probe (Chrono Boost)  
  33  4:34  Probe (Chrono Boost)  
  34  4:42  Twilight Council, Probe (Chrono Boost)  
  34  4:45  Probe (Chrono Boost)  
  36  4:54  Adept  
  36  4:56  Stalker  
  41  5:07  Void Ray (Chrono Boost)  
  41  5:09  Probe (Chrono Boost)  
  41  5:10  Probe (Chrono Boost)  
  46  5:18  Zealot  
  46  5:20  Zealot  
  50  5:25  Adept  
  52  5:34  Probe (Chrono Boost)  
  53  5:36  Probe (Chrono Boost)  
  53  5:39  Assimilator  
  54  5:45  Probe (Chrono Boost), Gateway  
  54  5:46  Probe (Chrono Boost)  
  54  5:49  Stalker, Assimilator  
  58  5:57  Probe  
  59  5:59  Probe  
Tags
 
Add a new tag
Caveats
  • Supply blocks, unpowered buildings, or Contaminate may cause inaccurate times.
  • Supply counts are checked every 10 seconds.